 Dungeon Crawl Stone Soup version 0.20.1-1-g8b1a95d (webtiles) character file.

28805 kaze the Basher (level 13, -5/129 HPs)
             Began as a Hill Orc Berserker on Sept 9, 2017.
             Was a High Priest of Trog.
             Shot with an arrow by a deep elf archer (18 damage)
             ... on level 13 of the Dungeon.
             The game lasted 00:28:02 (11048 turns).

kaze the Basher (Hill Orc Berserker)               Turns: 11048, Time: 00:28:02

Health: -5/129     AC: 23    Str: 32 (33) XL:     13   Next: 41%
Magic:  22/22      EV: 10    Int: 14 (16) God:    Trog [*****.]
Gold:   667        SH:  5    Dex: 10      Spells: 12/12 levels left

rFire    + . .     SeeInvis .   i - +8 spear "Worm" {elec, *Contam rElec Int+6}
rCold    + . .     Gourm    .   B - +0 buckler
rNeg     + . .     Faith    .   O - +2 plate armour {rC+}
rPois    .         Spirit   .   t - +2 helmet {Int+3}
rElec    +         Reflect  .   q - +2 cloak
rCorr    .         Harm     .   j - +0 pair of gloves
MR       +....                  g - +0 pair of boots
Stlth    ..........             J - amulet of regeneration
Regen    1.8/turn               D - ring "Qenwatso" {Fire +Blink MR- MP+9 Str+5}
MPRegen  0.2/turn               N - ring of Hangyjug {*Slow rN+ Str+3 Slay+3 Stlth+}

@: berserk cooldown, starving, regenerating, slowed, very slow
A: yellow scales 1, blurry vision 1, cold resistance 1, deformed body,
deterioration 1, robust 1, sturdy frame 1
a: Berserk, Trog's Hand, Brothers in Arms, Burn Spellbooks, Renounce Religion,
Evoke Blink


You were on level 13 of the Dungeon.
You worshipped Trog.
Trog was extremely pleased with you.
You were starving.

You visited 1 branch of the dungeon, and saw 13 of its levels.
You also visited: Ossuary.

You collected 667 gold pieces.

Inventory:

Hand Weapons
 i - the +8 spear "Worm" (weapon) {elec, *Contam rElec Int+6}
   (You took it off a centaur on level 9 of the Dungeon)

   Occasionally, upon striking a foe, it will discharge some electrical energy
   and cause terrible harm.
   It affects your intelligence (+6).
   It insulates you from electricity.
   It causes magical contamination when unequipped.
 n - a +5 mace of protection
Armour
 g - a +0 pair of boots (worn)
 j - a +0 pair of gloves (worn)
 q - a +2 cloak (worn)
 t - a +2 helmet of intelligence (worn)
 B - a +0 buckler (worn)
 M - a +0 troll leather armour
 O - a +2 plate armour of cold resistance (worn)
Jewellery
 h - an uncursed ring of protection from fire
 A - the ring of Huos {rN+ Dex+2}
   (You found it on level 13 of the Dungeon)

   [ring of positive energy]

   It affects your dexterity (+2).
   It protects you from negative energy.
 D - the ring "Qenwatso" (left hand) {Fire +Blink MR- MP+9 Str+5}
   (You found it on level 10 of the Dungeon)

   [ring of fire]

   It enhances your fire magic.
   It affects your strength (+5).
   It protects you from fire.
   It makes you vulnerable to cold.
   It affects your resistance to hostile enchantments.
   It affects your magic capacity (+9).
   It lets you blink.
 H - the ring "Lic Ytett" {Wiz rPois Str+3}
   (You found it on level 13 of the Dungeon)

   [ring of wizardry]

   It improves your spell success rate.
   It affects your strength (+3).
   It protects you from poison.
 J - an amulet of regeneration (around neck)
 L - the ring "Pingotoint" {MP+9 Dex+2}
   (You found it on level 13 of the Dungeon)

   [ring of magical power]

   It affects your dexterity (+2).
   It affects your magic capacity (+9).
 N - the ring of Hangyjug (right hand) {*Slow rN+ Str+3 Slay+3 Stlth+}
   (You took it off a wizard on level 13 of the Dungeon)

   [ring of stealth]

   It affects your strength (+3).
   It affects your accuracy and damage with ranged weapons and melee attacks
   (+3).
   It protects you from negative energy.
   It may slow you when you take damage.
   It makes you more stealthy.
Scrolls
 d - a scroll of identify
 e - a scroll of fear
 y - 2 scrolls of teleportation
 C - 2 scrolls of blinking
 E - 2 scrolls of fog
 F - 2 scrolls of magic mapping
 G - 3 scrolls of remove curse
 I - a scroll of holy word {unknown}
 K - a scroll of recharging
Potions
 a - 4 potions of degeneration
 b - a potion of magic
 f - a potion of haste
 k - a potion of might
 m - a potion of agility
 p - 2 potions of flight
 s - a potion of ambrosia
 v - 2 potions of invisibility
 w - a potion of lignification
 z - 6 potions of curing
Miscellaneous
 r - a phantom mirror
Comestibles
 c - a bread ration
 l - 9 royal jellies
 u - 9 meat rations
 x - 18 fruits


   Skills:
 + Level 12.0 Fighting
   Level 9.0(14.5) Axes
 + Level 12.0(12.8) Maces & Flails
 + Level 11.0(11.8) Polearms
 + Level 10.8 Armour
 + Level 4.0 Dodging
 + Level 1.0 Stealth
 + Level 6.2 Shields


You had 12 spell levels left.
You didn't know any spells.

Dungeon Overview and Level Annotations

Branches:
Dungeon (13/15)            Temple (0/1) D:6            Lair (0/6) D:8
    Orc (0/2) D:10
 Vaults: D:13-14

Altars:
Ashenzari
Dithmenos
Elyvilon
Fedhas
Gozag
Makhleb
Qazlal
Yredelemnul
The Shining One

Annotations:
D:13 2 runed doors


Innate Abilities, Weirdness & Mutations

You are partially covered in yellow scales. (AC +2)
Scrolls take you a little longer to read.
Your flesh is cold resistant. (rC+)
Armour fits poorly on your strangely shaped body.
Your body sometimes deteriorates upon taking damage.
You are robust. (+10% HP)
Your movements are slightly less encumbered by armour. (ER -2)


Message History

* * * LOW HITPOINT WARNING * * *
Your body deteriorates!
You feel weakened.
Reactivating autopickup.
The deep elf archer unwields an uncursed dagger.
The deep elf archer wields an uncursed longbow.
The deep elf archer shoots an arrow.
The arrow hits you!
* * * LOW HITPOINT WARNING * * *
The shadow slips into darkness.
The shadow flickers and vanishes!
Deactivating autopickup; reactivate with Ctrl-A.
Things that are here:
2 arrows; 2 bolts Your skin crawls.
You feel resistant to hostile enchantments.
You are starving!
The deep elf archer shoots an arrow.
Reactivating autopickup.
The deep elf archer casts a spell at you.
You resist with almost no effort.
The deep elf archer shoots an arrow.
The arrow hits you!!
You die...

#.#.####
##)#.#.##
#.#.#.#.####
#.#####....#
#.#.#.#.##.#
##.#.#.##.##
#)#.#####+##
#)####(...##
#.(.(@)...##
#.(###...e##
#..(.####+##
##.#.#.##.##
#.#.#.#.##.#
#..........#
#.#.#.#.##.#
##.#.#..## #
#....#.#.#.#


You could see a deep elf archer.

Vanquished Creatures
  A yaktaur captain (D:13)
  A fire dragon (D:13)
  Erolcha (D:11)
  2 hydras
  2 centaur warriors (D:13)
  A death knight (D:13)
  9 two-headed ogres
  Nergalle (D:10)
  2 unseen horrors
  A wizard (D:13)
  An orc knight (D:13)
  4 cyclopes (D:13)
  A deep elf mage (D:13)
  4 ugly things (D:13)
  A manticore (D:13)
  Joseph (D:8)
  Psyche (D:8)
  2 centaur skeletons
  An efreet (D:13)
  A kobold demonologist (D:13)
  A troll (D:11)
  A hornet (D:13)
  A hippogriff (D:13)
  Prince Ribbit (D:6)
  2 dream sheep (D:8)
  A raiju (shapeshifter) (D:13)
  A meliai zombie (D:12)
  A wyvern (D:8)
  2 yaks (D:8)
  3 wraiths
  2 hungry ghosts
  3 vampire mosquitoes (D:12)
  A steam dragon (D:11)
  3 wargs (D:8)
  2 soldier ants (D:13)
  A water moccasin (D:10)
  2 phantoms (D:6)
  9 orc warriors
  5 ice beasts
  A sky beast (D:12)
  3 ogres
  5 centaurs
  5 big kobolds
  9 bullfrogs
  A gnoll sergeant (D:6)
  5 killer bees (D:11)
  5 wights (D:9)
  A howler monkey (D:9)
  3 crimson imps
  3 bullfrog zombies
  4 hounds
  12 orc priests
  4 bullfrog skeletons
  4 jellies
  3 iguanas
  17 orc wizards
  12 worker ants
  A killer bee zombie (D:8)
  A hound zombie (D:6)
  A mummy (Ossuary)
  A worker ant zombie (D:11)
  Robin (D:3)
  11 gnolls
  A howler monkey zombie (D:8)
  9 adders
  2 shadow imps
  2 oozes (D:2)
  An adder zombie (D:5)
  3 worms
  A dart slug (D:5)
  7 leopard geckos
  61 orcs
  4 giant cockroaches
  14 goblins
  7 hobgoblins
  7 jackals
  5 quokkas
  4 bats
  A frilled lizard (D:3)
  5 gnoll skeletons (Ossuary)
  11 kobolds
  8 kobold skeletons (Ossuary)
  A leopard gecko skeleton (D:5)
  11 orc skeletons (Ossuary)
  5 rats
363 creatures vanquished.

Vanquished Creatures (others)
  A shadow (D:13)
  An adder (D:8)
  An orc (D:13)
3 creatures vanquished.

Grand Total: 366 creatures vanquished

Notes
Turn   | Place    | Note
-------+----------+-------------------------------------------
     0 | D:1      | kaze the Hill Orc Berserker began the quest for the Orb.
     0 | D:1      | Reached XP level 1. HP: 19/19 MP: 1/1
   359 | D:1      | Reached XP level 2. HP: 22/27 MP: 2/2
   730 | D:2      | Reached XP level 3. HP: 33/33 MP: 3/3
  1031 | D:2      | Reached XP level 4. HP: 37/41 MP: 4/4
  1046 | D:2      | Reached skill level 5 in Axes
  1457 | D:2      | Found a white marble altar of Elyvilon.
  1527 | D:2      | Found a blossoming altar of Fedhas.
  1745 | D:3      | Found an opulent altar of Gozag.
  1813 | D:3      | Reached skill level 5 in Fighting
  1939 | D:3      | Reached XP level 5. HP: 48/48 MP: 5/5
  1967 | D:3      | Reached ** piety under Trog
  2398 | D:3      | Noticed Robin
  2409 | D:3      | Reached XP level 6. HP: 45/56 MP: 6/6
  2420 | D:3      | Killed Robin
  2548 | D:3      | Found an opulent altar of Gozag.
  2661 | D:4      | Found a sand-covered staircase.
  2669 | Ossuary  | Entered an ossuary
  2669 | Ossuary  | Noticed a wraith
  2669 | Ossuary  | Noticed a wraith
  2669 | Ossuary  | Noticed a wraith
  2721 | Ossuary  | Reached *** piety under Trog
  2761 | Ossuary  | Noticed a wraith
  2773 | Ossuary  | Killed a wraith
  2820 | Ossuary  | Reached XP level 7. HP: 62/62 MP: 7/7
  3139 | D:4      | Reached **** piety under Trog
  3338 | D:5      | Entered Level 5 of the Dungeon
  3408 | D:5      | Reached skill level 1 in Maces & Flails
  3499 | D:5      | Reached XP level 8. HP: 70/70 MP: 8/8
  4003 | D:6      | Found a staircase to the Ecumenical Temple.
  4032 | D:6      | Noticed Prince Ribbit
  4050 | D:6      | Killed Prince Ribbit
  4050 | D:6      | Reached skill level 5 in Armour
  4498 | D:6      | Reached skill level 1 in Shields
  4689 | D:6      | Found a shadowy altar of Dithmenos.
  4798 | D:6      | Reached skill level 5 in Maces & Flails
  4885 | D:6      | Reached XP level 9. HP: 73/79 MP: 9/9
  4911 | D:6      | Found a burning altar of Makhleb.
  5095 | D:7      | Found a basalt altar of Yredelemnul.
  5580 | D:8      | Noticed Psyche
  5601 | D:8      | Killed Psyche
  5637 | D:8      | Found a stormy altar of Qazlal.
  5720 | D:8      | Found a glowing golden altar of the Shining One.
  5720 | D:8      | Noticed Joseph
  5722 | D:8      | Found a staircase to the Lair.
  5795 | D:8      | Killed Joseph
  5795 | D:8      | Reached XP level 10. HP: 43/88 MP: 10/10
  6127 | D:8      | Noticed a three-headed hydra
  6141 | D:8      | Killed a three-headed hydra
  6141 | D:8      | Reached skill level 10 in Maces & Flails
  6562 | D:8      | Noticed a two-headed ogre
  6577 | D:8      | Killed a two-headed ogre
  6793 | D:9      | Noticed a two-headed ogre
  6809 | D:9      | Killed a two-headed ogre
  6809 | D:9      | Reached XP level 11. HP: 41/97 MP: 11/11
  7254 | D:9      | Reached ***** piety under Trog
  7436 | D:9      | Noticed a two-headed ogre
  7447 | D:9      | Killed a two-headed ogre
  7447 | D:9      | Reached skill level 5 in Shields
  7722 | D:9      | Got an uncursed faintly glowing spear {elec}
  7728 | D:9      | Identified the +8 spear "Worm" {elec, *Contam rElec Int+6} (You took it off a centaur on level 9 of the Dungeon)
  7826 | D:9      | Noticed a two-headed ogre
  7839 | D:9      | Killed a two-headed ogre
  7839 | D:9      | Reached skill level 10 in Fighting
  8284 | D:10     | Entered Level 10 of the Dungeon
  8454 | D:10     | Noticed a two-headed ogre
  8458 | D:10     | Killed a two-headed ogre
  8458 | D:10     | Reached skill level 1 in Polearms
  8609 | D:10     | Got a coiled lead ring
  8693 | D:10     | Noticed Nergalle
  8713 | D:10     | Noticed a spectral orc warlord
  8719 | D:10     | Killed Nergalle
  8788 | D:10     | Found a staircase to the Orcish Mines.
  8882 | D:11     | Identified the ring "Qenwatso" {Fire +Blink MR- MP+9 Str+5} (You found it on level 10 of the Dungeon)
  8933 | D:11     | Noticed Erolcha
  8942 | D:11     | Killed Erolcha
  9236 | D:11     | Reached ****** piety under Trog
  9236 | D:11     | Reached skill level 5 in Polearms
  9319 | D:11     | Noticed a two-headed ogre
  9331 | D:11     | Killed a two-headed ogre
  9331 | D:11     | Reached XP level 12. HP: 90/108 MP: 12/12
  9425 | D:11     | Reached skill level 1 in Stealth
  9480 | D:11     | Found a shattered altar of Ashenzari.
  9547 | D:11     | Received a gift from Trog
  9603 | D:11     | Gained mutation: Your body sometimes deteriorates upon taking damage. [mutagenic glow]
  9740 | D:12     | Noticed a two-headed ogre
  9747 | D:12     | Killed a two-headed ogre
  9821 | D:12     | Noticed a four-headed hydra
  9829 | D:12     | Killed a four-headed hydra
  9837 | D:12     | Noticed a two-headed ogre
  9844 | D:12     | Killed a two-headed ogre
 10081 | D:12     | Gained mutation: You tend to lose your temper in combat. [mutagenic meat]
 10082 | D:12     | Gained mutation: Your flesh is cold resistant. (rC+) [mutagenic meat]
 10212 | D:12     | Found a stormy altar of Qazlal.
 10419 | D:13     | Noticed a fire dragon
 10439 | D:13     | Killed a fire dragon
 10439 | D:13     | Reached skill level 10 in Armour
 10545 | D:13     | Noticed a centaur warrior
 10557 | D:13     | HP: 1/110 [cyclops/large rock (19)]
 10580 | D:13     | Killed a centaur warrior
 10694 | D:13     | Reached XP level 13. HP: 116/116 MP: 13/13
 10716 | D:13     | Gained mutation: You are dopey. (Int -2) [mutagenic meat]
 10717 | D:13     | Lost mutation: You are dopey. (Int -2) [mutagenic meat]
 10718 | D:13     | Gained mutation: Armour fits poorly on your strangely shaped body. [mutagenic meat]
 10719 | D:13     | Gained mutation: You are frail. (-10% HP) [mutagenic meat]
 10721 | D:13     | Lost mutation: You are frail. (-10% HP) [potion of mutation]
 10721 | D:13     | Lost mutation: You tend to lose your temper in combat. [potion of mutation]
 10721 | D:13     | Gained mutation: Your movements are slightly less encumbered by armour. (ER -2) [potion of mutation]
 10721 | D:13     | Gained mutation: You are robust. (+10% HP) [potion of mutation]
 10859 | D:13     | Found a runed door.
 10863 | D:13     | Found a runed door.
 10863 | D:13     | Found a runed door.
 10863 | D:13     | Noticed a yaktaur captain
 10890 | D:13     | Reached skill level 10 in Polearms
 10915 | D:13     | Received a gift from Trog
 10936 | D:13     | Gained mutation: You are partially covered in yellow scales. (AC +2) [mutagenic meat]
 10937 | D:13     | Gained mutation: Scrolls take you a little longer to read. [mutagenic meat]
 10943 | D:13     | Got a transparent turquoise ring
 10946 | D:13     | Got a bound marble ring
 10951 | D:13     | Got a glittering jade ring
 10964 | D:13     | Got a scintillating ivory ring
 10966 | D:13     | Identified the ring of Huos {rN+ Dex+2} (You found it on level 13 of the Dungeon)
 10991 | D:13     | Identified the ring "Lic Ytett" {Wiz rPois Str+3} (You found it on level 13 of the Dungeon)
 10993 | D:13     | Identified the ring "Pingotoint" {MP+9 Dex+2} (You found it on level 13 of the Dungeon)
 10995 | D:13     | Identified the ring of Hangyjug {*Slow rN+ Str+3 Slay+3 Stlth+} (You took it off a wizard on level 13 of the Dungeon)
 11035 | D:13     | Killed a yaktaur captain
 11048 | D:13     | Shot with an arrow by a deep elf archer

Skill      XL: |  1  2  3  4  5  6  7  8  9 10 11 12 13 |
---------------+----------------------------------------+-----
Fighting       | 4 5 6 7 8 9 10 11 12 | 12.0
Axes           | 5 6 7 8 9 |  9.0
Armour         | 3 4 5 6 7 8 10 | 10.8
Maces & Flails | 1 5 8 10 12 | 12.0
Dodging        | 2 3 4 |  4.0
Shields        | 2 3 4 5 6 |  6.2
Polearms       | 5 9 11 | 11.0
Stealth        | 1 |  1.0

Action                   |  1- 3 |  4- 6 |  7- 9 | 10-12 | 13-15 || total
-------------------------+-------+-------+-------+-------+-------++-------
Melee: Hand axe          |    42 |   230 |   133 |       |       ||   405
       Mace              |       |       |   345 |   273 |       ||   618
       Spear             |       |       |       |   397 |   110 ||   507
Invok: Berserk           |     1 |     2 |     2 |     3 |     1 ||     9
       Trog's Hand       |       |       |     5 |     4 |     5 ||    14
       Burn Spellbooks   |       |       |     1 |       |       ||     1
  Use: Scroll            |       |       |    16 |     3 |       ||    19
       Potion            |       |       |       |       |    13 ||    13
  Eat: Chunk             |       |     7 |     6 |    12 |     8 ||    33
       Bread ration      |       |       |     2 |     3 |       ||     5
Armor: Animal skin       |     3 |       |       |       |       ||     3
       Chain mail        |    17 |   120 |   316 |    85 |       ||   538
       Plate armour      |       |       |       |   283 |    29 ||   312
Dodge: Dodged            |    13 |    86 |   191 |   231 |    15 ||   536
Block: Buckler           |       |       |    62 |   138 |     5 ||   205
